 Dungeon Crawl Stone Soup version 0.23.2-33-g5129a83184 (webtiles) character file.

Game seed: 4385956088062065048

84 shadizar the Firebug (level 4, -4/25 HPs)
             Began as a Gargoyle Fire Elementalist on June 30, 2019.
             Slain by a gnoll
             ... wielding a +0 spear
              (7 damage)
             ... on level 2 of the Dungeon.
             The game lasted 00:05:22 (1607 turns).

shadizar the Firebug (Gargoyle Fire Elementalist)   Turns: 1607, Time: 00:05:23

Health: -4/25      AC:  5    Str: 11    XL:     4   Next: 46%
Magic:  7/7        EV: 12    Int: 17    God:
Gold:   49         SH:  0    Dex: 10    Spells: 4/8 levels left

rFire    . . .     SeeInvis .   d - +2 mace (holy)
rCold    . . .     Gourm    .   (no shield)
rNeg     + . .     Faith    .   a - +0 robe
rPois    ∞         Spirit   .   (no helmet)
rElec    +         Reflect  .   (no cloak)
rCorr    .         Harm     .   (no gloves)
MR       .....                  (no boots)
Stlth    ++........             (no amulet)
HPRegen  0.08/turn              (no ring)
MPRegen  0.10/turn              (no ring)

@: no status effects
A: negative energy resistance 1, electricity resistance, unbreathing,
petrification resistance, rot immunity, AC +3
a: no special abilities


You were on level 2 of the Dungeon.
You were not hungry.

You visited 1 branch of the dungeon, and saw 2 of its levels.

You collected 49 gold pieces.

Inventory:

Hand Weapons
 d - a +2 mace of holy wrath (weapon)
 n - a +2 hunting sling of flaming
Missiles
 p - 87 stones (quivered)
 r - 22 sling bullets
Armour
 a - a +0 robe (worn)
 i - a +2 shield
 q - a +0 helmet
Wands
 s - a wand of flame (18)
Scrolls
 b - a scroll of fear {unknown}
 f - a scroll of immolation {unknown}
 g - 3 scrolls of identify {unknown}
 h - a scroll of enchant armour {unknown}
 k - 2 scrolls of teleportation {unknown}
Potions
 e - a potion of haste {unknown}
 j - a potion of heal wounds {unknown}
 m - a potion of berserk rage {unknown}
 o - a potion of lignification {unknown}
 t - a potion of resistance {unknown}
Comestibles
 c - 4 rations
 l - 3 chunks of flesh


   Skills:
 + Level 1.3 Fighting
 - Level 1.6 Dodging
 - Level 2.3 Stealth
 - Level 0.1 Unarmed Combat
 + Level 2.6 Spellcasting
 * Level 2.5 Conjurations
 + Level 3.6 Fire Magic


You had 4 spell levels left.
You knew the following spells:

 Your Spells              Type           Power        Failure   Level  Hunger
a - Flame Tongue          Conj/Fire      ##...        4%          1    #......
b - Conjure Flame         Conj/Fire      ##......     16%         3    ###....

Your spell library contained the following spells:

 Spells                   Type           Power        Failure   Level  Hunger
 Throw Flame              Conj/Fire      ##....       8%          2    ##.....
 Corona                   Hex            #......      19%         1    #......
 Inner Flame              Hex/Fire       #.......     26%         3    ###....
 Ensorcelled Hibernation  Hex/Ice        #.....       28%         2    ##.....
 Dazzling Spray           Conj/Hex       #.....       32%         3    ###....
 Sticky Flame             Conj/Fire      ##......     45%         4    #####..
 Confuse                  Hex            #.......     50%         3    ###....
 Tukima's Dance           Hex            #.......     50%         3    ###....
 Fireball                 Conj/Fire      ##........   80%         5    ######.


Dungeon Overview and Level Annotations

Branches:
Dungeon (2/15)

Altars:


Innate Abilities, Weirdness & Mutations

You are resistant to torment.
Your stone body is resilient. (AC +3)
You are immune to poison.
You resist negative energy. (rN+)
You are resistant to electric shocks. (rElec)
You can survive without breathing.
You are immune to petrification.
You are immune to rotting.


Message History

The gnoll shouts!
You hear a shout!
The gnoll shouts!
The gnoll throws a throwing net.
The throwing net barely misses you.
A gnoll comes into view. It is wielding a -1 whip.
Found a shield and a scroll labeled ENIENNIONE.
You barely miss the gnoll. The gnoll barely misses you. The gnoll hits you.
The gnoll throws a throwing net.
The throwing net barely misses you.
You hit the gnoll.
The gnoll is lightly wounded.
The gnoll hits you. The gnoll hits you with a +0 spear!
* * * LOW HITPOINT WARNING * * *
The gnoll throws a throwing net.
The throwing net closely misses you.
You are too injured to fight recklessly!
You are too injured to fight recklessly!
You are too injured to fight recklessly!
You are too injured to fight recklessly!
You are too injured to fight recklessly!
You are too injured to fight recklessly!
You are too injured to fight recklessly!
The gnoll hits you from afar with a +0 spear!
You die...

#......# ...
##......# ### #.#
..>....# ##.# .
#.....###..# .
#....(##...### #
#..?..#..#...#####
#.......####....##
#....(### ####...
####@....# #.....
#..g.##### #.....
#..g.# #.....
#g.[## .......
..#### #######.
.?.. ## .... # ###
.. ##


You could see 3 gnolls.

Vanquished Creatures
  Robin (D:2)
  An adder (D:1)
  An ooze (D:2)
  2 dart slugs (D:1)
  A leopard gecko (D:2)
  3 bats
  3 giant cockroaches
  4 hobgoblins (D:1)
  4 jackals (D:2)
  4 kobolds
  2 frilled lizards
  21 goblins
  5 rats (D:1)
52 creatures vanquished.

Notes
Turn   | Place    | Note
-------+----------+-------------------------------------------
     0 | D:1      | shadizar the Gargoyle Fire Elementalist began the quest for
                  | the Orb.
     0 | D:1      | Reached XP level 1. HP: 10/10 MP: 3/3
   146 | D:1      | Reached XP level 2. HP: 15/15 MP: 3/5
   845 | D:1      | Reached XP level 3. HP: 19/20 MP: 3/6
   934 | D:2      | Noticed Robin
   941 | D:1      | Learned a level 3 spell: Conjure Flame
  1425 | D:2      | Killed Robin
  1425 | D:2      | Reached skill level 1 in Fighting
  1425 | D:2      | Reached XP level 4. HP: 19/25 MP: 0/7
  1607 | D:2      | Slain by a gnoll

Skill      XL: |  1  2  3 |
---------------+----------+-----
Conjurations   | 2 |  2.5
Fighting       | 1 |  1.3
Dodging        | |  1.6
Stealth        | |  2.3
Unarmed Combat | |  0.1
Spellcasting   | |  2.6
Fire Magic     | |  3.6

Action                   |  1- 3 |  4- 6 || total
-------------------------+-------+-------++-------
Melee: Unarmed           |    84 |       ||    84
       Mace              |     7 |    37 ||    44
 Cast: Flame Tongue      |    48 |     7 ||    55
 Stab: Sleeping          |     2 |       ||     2
  Eat: Chunk             |     2 |     1 ||     3
Armor: Robe              |    38 |    20 ||    58
Dodge: Dodged            |    79 |    48 ||   127
